 Dungeon Crawl Stone Soup version 0.18-a0-1799-g6250cb2 (console) character file.

210 MenacingMecha the Spear-Bearer (level 5, -4/38 HPs)
             Began as a Merfolk Skald on Apr 23, 2016.
             Killed from afar by an orc wizard (11 damage)
             ... with a puff of frost
             ... on level 3 of the Dungeon.
             The game lasted 00:13:23 (3077 turns).

MenacingMecha the Spear-Bearer (Merfolk Skald)      Turns: 3077, Time: 00:13:23

Health: -4/38      AC:  4    Str: 12    XL:     5   Next: 88%
Magic:  5/8        EV: 11    Int: 11    God:
Gold:   72         SH:  0    Dex: 15    Spells: 2 memorised, 5 levels left

rFire  . . .     SeeInvis .     n - +0 trident
rCold  . . .     Gourm    .     b - +1 leather armour
rNeg   . . .     Faith    .     (no shield)
rPois  +         Spirit   .     (no helmet)
rElec  .         Dismiss  .     (no cloak)
rCorr  .         Reflect  .     (no gloves)
SustAt .         Harm     .     p - +1 pair of boots
MR     .....                    (no amulet)
Stlth  +.........               (no ring)
                                j - ring of poison resistance

@: infused, not resistant to hostile enchantments, very unstealthy
A: change form in water, swift swim, deformed body, poison resistance
a: no special abilities


You were on level 3 of the Dungeon.
You were not hungry.

You visited 1 branch of the dungeon, and saw 3 of its levels.

You collected 72 gold pieces.

Inventory:

Hand Weapons
 n - a +0 trident (weapon)
Missiles
 k - 7 exploding tomahawks (quivered)
Armour
 b - a +1 leather armour (worn)
 o - a +1 scale mail of cold resistance
 p - a +1 pair of boots (worn)
Jewellery
 j - a ring of poison resistance (left hand)
Scrolls
 e - 2 scrolls of identify
 f - a scroll of remove curse {unknown}
 g - a scroll of enchant weapon {unknown}
 h - a scroll of enchant armour
 i - a scroll of blinking {unknown}
 m - a scroll of magic mapping {unknown}
Potions
 d - a potion of might {unknown}
Books
 c - a book of Battle

   Spells                             Type                      Level
   a - Infusion                       Charms                       1
   b - Shroud of Golubria             Charms/Translocation         2
   c - Song of Slaying                Charms                       2
   d - Spectral Weapon                Hexes/Charms                 3
   e - Regeneration                   Charms/Necromancy            3
Comestibles
 l - a chunk of flesh


   Skills:
 - Level 2.1 Fighting
 + Level 8.5 Polearms
 - Level 0.6 Armour
 - Level 1.3 Dodging
 - Level 2.0 Spellcasting
 - Level 3.2 Charms


You had 5 spell levels left.
You knew the following spells:

 Your Spells              Type           Power        Failure   Level  Hunger
a - Infusion              Chrm           #...         12%         1    ##.....
b - Song of Slaying       Chrm           #.......     17%         2    ###....


Dungeon Overview and Level Annotations

Branches:
Dungeon (3/15)

Altars:
Sif Muna

Annotations:
D:2 gnoll pack


Innate Abilities, Weirdness & Mutations

You revert to your normal form in water.
You are very nimble and swift while swimming.
Armour fits poorly on your strangely shaped body.
Your system is resistant to poisons.


Message History

The orc wizard is severely wounded.
The orc wizard casts a spell at you. The puff of flame hits you!
Attack whom?
Press: ? - help, Dir - move target cursor, f/p - orc wizard
Aim: an orc wizard, wielding a dagger and wearing a robe (steam, severely wounded)
You reach to attack!
You hit the orc wizard.
The orc wizard is almost dead.
You are engulfed in a cloud of scalding steam.
The orc wizard is engulfed in a cloud of scalding steam.
The orc wizard dies!
Attack whom?
Press: ? - help, Dir - move target cursor, f - orc wizard
Aim: an orc wizard, wielding a dagger and wearing a robe (fast)
You reach to attack!
You completely miss the orc wizard.
You are engulfed in a cloud of scalding steam.
* * * LOW HITPOINT WARNING * * *
The orc wizard casts a spell at you. The puff of frost hits you!
You die...

##### #§o.# ###### #§§≈# .@...#
#@§.# ####.# #...# #...# ###'###
##.#.# #.8.8.# ########## .#.#.#
. #.._..# #.........
.#.#######... ##...#####.########
...............##.##.............
..)####.##.......).)####.######..
.)@# ..........# #.# #.#


You could see an orc wizard.

Vanquished Creatures
  A hound (D:3)
  Terence (D:3)
  Ijyb (D:2)
  3 gnolls
  An ooze (D:2)
  2 worms
  2 dart slugs (D:1)
  A giant gecko (D:1)
  3 giant cockroaches
  7 goblins
  6 hobgoblins
  6 jackals
  11 kobolds
  7 bats
  2 giant newts
  9 rats
63 creatures vanquished.

Vanquished Creatures (others)
  An orc wizard (D:3)
1 creature vanquished.

Grand Total: 64 creatures vanquished

Notes
Turn   | Place    | Note
--------------------------------------------------------------
     0 | D:1      | MenacingMecha the Merfolk Skald began the quest for the Orb.
     0 | D:1      | Reached XP level 1. HP: 16/16 MP: 3/3
   149 | D:1      | Reached skill level 4 in Polearms
   149 | D:1      | Reached XP level 2. HP: 22/22 MP: 5/5
   338 | D:1      | Learned a level 2 spell: Song of Slaying
   448 | D:1      | Reached skill level 5 in Polearms
   448 | D:1      | Reached XP level 3. HP: 15/27 MP: 3/6
  1103 | D:2      | Noticed Ijyb
  1130 | D:2      | Killed Ijyb
  1130 | D:2      | Reached skill level 6 in Polearms
  1130 | D:2      | Reached XP level 4. HP: 13/33 MP: 5/7
  1405 | D:1      | Gained mutation: Armour fits poorly on your strangely shaped body. [potion of mutation]
  1405 | D:1      | Gained mutation: Your system is resistant to poisons. [potion of mutation]
  1780 | D:2      | Reached skill level 7 in Polearms
  2116 | D:3      | Noticed Terence
  2445 | D:2      | Reached XP level 5. HP: 10/38 MP: 0/8
  2958 | D:3      | Killed Terence
  2958 | D:3      | Reached skill level 8 in Polearms
  2965 | D:3      | Found a deep blue altar of Sif Muna.
  3077 | D:3      | Killed from afar by an orc wizard

Vault maps used:
D:1:      lemuel_arrival_broad_hall, patterned_corridor
D:2:      uniq_iyjb
D:3:      nicolae_overflow_crystal_walls, led_sif_book, first_bread,
          uniq_terence, uniq_crazy_yiuf_cottage, uniq_jessica

Skill      XL: |  1  2  3  4  5 |
---------------+----------------+-----
Polearms       | 4 5 6 7 8 |  8.5
Fighting       | |  2.1
Armour         | |  0.6
Dodging        | |  1.3
Spellcasting   | |  2.0
Charms         | |  3.2

Action                   |  1- 3 |  4- 6 || total
-------------------------+-------+-------++-------
Melee: Spear             |   152 |   165 ||   317
       Trident           |       |     7 ||     7
Throw: Tomahawk          |       |     1 ||     1
 Cast: Song of Slaying   |     3 |     3 ||     6
       Infusion          |     1 |     4 ||     5
  Use: Scroll            |     2 |       ||     2
       Potion            |       |     1 ||     1
  Eat: Chunk             |     1 |       ||     1
       Meat ration       |       |     1 ||     1
       Bread ration      |       |     1 ||     1
Armor: Leather armour    |    28 |    33 ||    61
Dodge: Dodged            |    77 |    82 ||   159
